 Dungeon Crawl Stone Soup version 0.19.5 (webtiles) character file.

70 Karodes the Slasher (level 4, -2/36 HPs)
             Began as a Human Berserker on May 4, 2017.
             Was a Follower of Trog.
             Slain by a shadow imp (3 damage)
             ... summoned by Natasha
             ... on level 2 of the Dungeon on May 9, 2017.
             The game lasted 00:19:06 (1144 turns).

Karodes the Slasher (Human Berserker)               Turns: 1144, Time: 00:19:07

Health: -2/36      AC:  6    Str: 19    XL:     4   Next: 45%
Magic:  4/4        EV: 10    Int:  7    God:    Trog [*.....]
Gold:   36         SH:  0    Dex: 12    Spells: 0 memorised, 3 levels left

rFire  . . .     SeeInvis .     a - +0 falchion
rCold  . . .     Gourm    .     o - +0 scale mail
rNeg   . . .     Faith    .     (no shield)
rPois  .         Spirit   .     (no helmet)
rElec  .         Reflect  .     (no cloak)
rCorr  .         Harm     .     (no gloves)
MR     .....                    (no boots)
Stlth  ..........               (no amulet)
                                (no ring)
                                (no ring)

@: slowed, very slow
A: no striking features
a: Berserk, Burn Spellbooks, Renounce Religion


You were on level 2 of the Dungeon.
You worshipped Trog.
Trog was aware of your devotion.
You were hungry.

You visited 1 branch of the dungeon, and saw 2 of its levels.

You collected 36 gold pieces.

Inventory:

Hand Weapons
 a - a +0 falchion (weapon)
 d - a +0 spear
 e - a cursed -1 club
 f - a +0 spear
 g - a +0 club
 p - a +0 mace
Missiles
 j - 39 sling bullets
 k - 38 stones (quivered)
 q - 14 poisoned needles
 r - 11 bolts
Armour
 b - a +0 animal skin
 o - a +0 scale mail (worn)
Scrolls
 h - 3 scrolls of identify {unknown}
 t - a scroll of blinking {unknown}
 u - 2 scrolls of amnesia {unknown}
Potions
 l - a potion of might {unknown}
 n - a potion of ambrosia {unknown}
 w - a potion of degeneration {unknown}
 x - a potion of magic {unknown}
 z - a potion of invisibility {unknown}
Comestibles
 c - a bread ration
 m - a royal jelly
 s - a meat ration
 v - a beef jerky


   Skills:
 + Level 3.6 Fighting
 + Level 4.0 Long Blades
 + Level 2.2 Armour
 + Level 2.3 Dodging
 + Level 0.4 Stealth


You had 3 spell levels left.
You didn't know any spells.

Dungeon Overview and Level Annotations

Branches:
Dungeon (2/15)

Altars:
Qazlal

Annotations:
D:2 Natasha


Message History

The crimson imp disappears in a puff of smoke!
You closely miss Natasha.
Natasha is moderately wounded.
Natasha claws you.
* * * LOW HITPOINT WARNING * * *
Natasha closely misses you.
You hit Natasha.
Natasha is heavily wounded.
Natasha stares at you and mumbles some strange words.
The magic dart hits you!
* * * LOW HITPOINT WARNING * * *
You hit Natasha.
Natasha is heavily wounded.
Natasha mumbles some strange words.
The shadow imp closely misses you.
You riposte.
Your scale mail prevents you from hitting the shadow imp.
Natasha closely misses you.
You riposte.
You closely miss Natasha.
Natasha is heavily wounded.
The shadow imp hits you.
You die...

## ##### ##### ... ###...###
#...# .... #E#...#E# ##...####
.....###...#### #.......#
..............# #.......#
........._....#### #.......#
..............h@.## #.......#
.#######...###5.5.######.......#
#E#...#E#.................#
###...###..........####....
#...# ###................
.........................>
..#.#.........#####....#...
....#.......... ......)#...
.........%...........


You could see Natasha, a crimson imp and a shadow imp.

Vanquished Creatures
  Natasha (D:2)
  An adder (D:2)
  2 dart slugs (D:1)
  2 leopard geckos (D:1)
  A ball python (D:1)
  7 bats
  4 goblins (D:1)
  4 hobgoblins
  3 kobolds
  4 rats (D:1)
29 creatures vanquished.

Notes
Turn   | Place    | Note
-------+----------+-------------------------------------------
     0 | D:1      | Karodes the Human Berserker began the quest for the Orb.
     0 | D:1      | Reached XP level 1. HP: 18/18 MP: 1/1
    75 | D:1      | Reached XP level 2. HP: 15/24 MP: 2/2
   754 | D:1      | Reached XP level 3. HP: 25/29 MP: 3/3
  1069 | D:2      | Noticed Natasha
  1082 | D:2      | Killed Natasha
  1082 | D:2      | Reached skill level 4 in Long Blades
  1082 | D:2      | Reached XP level 4. HP: 28/36 MP: 4/4
  1115 | D:2      | Found a stormy altar of Qazlal.
  1117 | D:2      | Noticed a water elemental
  1118 | D:2      | Noticed an air elemental
  1118 | D:2      | Noticed a fire elemental
  1118 | D:2      | Noticed an earth elemental
  1121 | D:2      | Noticed Natasha
  1143 | D:2      | HP: 1/36 [Natasha/magic dart (8)]
  1144 | D:2      | Slain by a shadow imp

Skill      XL: |  1  2  3 |
---------------+----------+-----
Long Blades    | 4 |  4.0
Fighting       | |  3.6
Armour         | |  2.2
Dodging        | |  2.3
Stealth        | |  0.4

Action                   |  1- 3 |  4- 6 || total
-------------------------+-------+-------++-------
Melee: Falchion          |    77 |    10 ||    87
  Use: Potion            |     1 |     2 ||     3
Armor: Animal skin       |    14 |       ||    14
       Scale mail        |    11 |       ||    11
Dodge: Dodged            |    57 |    10 ||    67
       Rpst.: Falchion   |    22 |     4 ||    26
